 Dungeon Crawl Stone Soup version 0.21.1-1-g345015f (webtiles) character file.

66 EuclidGuy the Caller (level 4, 0/30 HPs)
             Began as a Merfolk Summoner on July 7, 2018.
             Succumbed to a scorpion's poison
             ... on level 2 of the Dungeon.
             The game lasted 00:10:55 (2004 turns).

EuclidGuy the Caller (Merfolk Summoner)             Turns: 2004, Time: 00:10:56

Health: 0/30       AC:  2    Str:  8    XL:     4   Next: 15%
Magic:  2/7        EV: 13    Int: 15    God:
Gold:   100        SH:  0    Dex: 14    Spells: 7/8 levels left

rFire    . . .     SeeInvis .   q - +0 broad axe
rCold    . . .     Gourm    .   (no shield)
rNeg     . . .     Faith    .   m - +0 robe
rPois    .         Spirit   .   (no helmet)
rElec    .         Reflect  .   (no cloak)
rCorr    .         Harm     .   (no gloves)
MR       .....                  (no boots)
Stlth    ++........             (no amulet)
HPRegen  0.10/turn              (no ring)
MPRegen  0.10/turn              (no ring)

@: lethally poisoned (0 -> -4), berserk cooldown
A: change form in water, swift swim, stealthy swim
a: no special abilities


You were on level 2 of the Dungeon.
You were hungry.

You visited 1 branch of the dungeon, and saw 2 of its levels.

You collected 100 gold pieces.

Inventory:

Hand Weapons
 e - a +0 dagger
 f - a +0 club
 q - a +0 broad axe (weapon)
Missiles
 h - 5 poisoned needles (quivered)
Armour
 a - a +0 robe
 d - a +2 helmet
 m - a +0 robe (worn)
 n - a cursed +0 plate armour
 p - a +0 pair of gloves
Scrolls
 i - 2 scrolls of remove curse
Books
 b - a book of Callings

   Spells                             Type                      Level
   a - Summon Small Mammal            Summoning                    1
   b - Call Imp                       Summoning                    2
   c - Call Canine Familiar           Summoning                    3
   d - Summon Guardian Golem          Hexes/Summoning              3
   e - Summon Lightning Spire         Summoning/Air                4
   f - Summon Ice Beast               Ice/Summoning                4
Comestibles
 c - 3 rations


   Skills:
 + Level 3.5 Dodging
 + Level 3.0 Stealth
 + Level 2.5 Spellcasting
 + Level 4.6 Summonings


You had 7 spell levels left.
You knew the following spells:

 Your Spells              Type           Power        Failure   Level  Hunger
a - Summon Small Mammal   Summ           ###.         3%          1    #......


Dungeon Overview and Level Annotations

Branches:
Dungeon (2/15)

Altars:


Message History

You feel sick.
It was a potion of cancellation.
Your magical effects are unravelling.
You feel magically purged.
Your magical contamination has completely faded away.
You feel yourself speed up.
You float gracefully downwards.
* * * LOW HITPOINT WARNING * * *
You feel sick.
Your bat disappears in a puff of smoke!
As you read the scroll labeled VYFEDE ATZEAN, it crumbles to dust.
You feel strangely unstable.
It was a scroll of teleportation.
* * * LOW HITPOINT WARNING * * *
You feel sick.
* * * LOW HITPOINT WARNING * * *
You feel sick.
You see here a spear.
Your surroundings suddenly seem different.
Found a ration, a spear and 4 gold pieces.
You die...

...# ...
...
####.####
#....$..#
#)......#
#.....%.#
#...@...#
#.......#
#.......#
#.......#
....######
####. #.
..


There were no monsters in sight!

Vanquished Creatures
  A scorpion (D:2)
  A giant cockroach (D:1)
  2 goblins
  A hobgoblin (D:1)
  A bat (D:1)
  3 kobolds
  2 rats (D:1)
11 creatures vanquished.

Vanquished Creatures (collateral kills)
  An ooze (D:1)
  A dart slug (D:1)
  A leopard gecko (D:1)
  A bat (D:1)
  A giant cockroach (D:1)
  2 goblins (D:1)
  2 hobgoblins (D:1)
  2 jackals (D:1)
  A kobold (D:1)
12 creatures vanquished.

Grand Total: 23 creatures vanquished

Notes
Turn   | Place    | Note
-------+----------+-------------------------------------------
     0 | D:1      | EuclidGuy the Merfolk Summoner began the quest for the Orb.
     0 | D:1      | Reached XP level 1. HP: 13/13 MP: 3/3
   796 | D:1      | Reached XP level 2. HP: 19/19 MP: 0/5
  1977 | D:2      | Noticed a scorpion
  1988 | D:2      | Killed a scorpion
  1988 | D:2      | Reached XP level 3. HP: 8/24 MP: 1/6
  1988 | D:2      | Reached XP level 4. HP: 10/30 MP: 1/7
  1999 | D:2      | HP: 1/30 [poisoned by a scorpion]
  2004 | D:2      | Succumbed to a scorpion's poison

Skill      XL: |  1  2 |
---------------+-------+-----
Dodging        | 3 |  3.5
Stealth        | 3 |  3.0
Spellcasting   | |  2.5
Summonings     | |  4.6

Action                   |  1- 3 |  4- 6 || total
-------------------------+-------+-------++-------
Melee: Dagger            |    18 |       ||    18
       Club              |    40 |       ||    40
       Unarmed           |     4 |       ||     4
       Broad axe         |     9 |       ||     9
 Cast: Summon Small Mamm |    35 |       ||    35
  Use: Scroll            |       |     4 ||     4
       Potion            |       |     3 ||     3
 Stab: Distracted        |     1 |       ||     1
       Sleeping          |     1 |       ||     1
  Eat: Ration            |     1 |       ||     1
Armor: Robe              |     9 |       ||     9
Dodge: Dodged            |    80 |       ||    80
